 Dungeon Crawl Stone Soup version 0.20-a0-972-gb9bd3e6 (webtiles) character file.

27636 Rrauwl the Carver (level 13, -3/171 HPs)
             Began as a Barachi Berserker on Apr 9, 2017.
             Was the Champion of Trog.
             Slain by a death yak (9 damage)
             ... on level 4 of the Lair of Beasts.
             The game lasted 01:06:55 (13207 turns).

Rrauwl the Carver (Barachi Berserker)              Turns: 13207, Time: 01:06:55

Health: -3/171     AC: 17    Str: 27    XL:     13   Next: 33%
Magic:  20/20      EV: 13    Int:  8    God:    Trog [******]
Gold:   578        SH: 13    Dex: 13    Spells: 12/12 levels left

rFire    + . .     SeeInvis .   a - +2 scimitar (flame)
rCold    + + .     Gourm    .   g - +3 buckler
rNeg     . . .     Faith    .   d - +0 chain mail
rPois    +         Spirit   .   (no helmet)
rElec    .         Reflect  +   e - +2 cloak {+Inv}
rCorr    .         Harm     .   N - +1 pair of gloves
MR       +....                  (no boots)
Stlth    ..........             r - +3 amulet of reflection
Regen    0.4/turn               x - ring of poison resistance
MPRegen  0.2/turn               G - ring of protection from fire

@: berserking (expiring), quick
A: +LOS, swims, cold resistance 2, magic resistance 1, robust 1, slowness 1,
sturdy frame 1, strong legs 2
a: Hop, Berserk, Trog's Hand, Brothers in Arms, Burn Spellbooks, Renounce
Religion, Evoke Invisibility


You were on level 4 of the Lair of Beasts.
You worshipped Trog.
Trog was exalted by your worship.
You were not hungry.

You visited 3 branches of the dungeon, and saw 15 of its levels.
You also visited: Sewer.

You collected 739 gold pieces.
You spent 161 gold pieces at shops.

Inventory:

Hand Weapons
 a - a +2 scimitar of flaming (weapon)
 p - the +4 whip "Iloarch" {protect, rF+ rC- Str+7}
   (You found it on level 3 of the Lair of Beasts)

   It protects the one who uses it against injury (+AC on strike).
   It affects your strength (+7).
   It protects you from fire.
   It makes you vulnerable to cold.
Missiles
 h - 92 sling bullets
Armour
 d - a +0 chain mail (worn)
 e - a +2 cloak of invisibility (worn)
 g - a +3 buckler (worn)
 N - a +1 pair of gloves (worn)
Jewellery
 f - an uncursed amulet of rage
 r - a +3 amulet of reflection (around neck)
 w - a +3 ring of protection
 x - a ring of poison resistance (left hand)
 C - an uncursed ring of flight
 G - a ring of protection from fire (right hand)
Wands
 i - a wand of clouds (4/9)
 j - a wand of lightning (8/15)
 l - a wand of disintegration (16/24)
 s - a wand of polymorph (9/24)
 t - a wand of iceblast (4/15)
 u - a wand of paralysis (4/24)
 B - a wand of digging (9/24)
Scrolls
 b - 6 scrolls of remove curse
 n - 2 scrolls of teleportation
 o - 4 scrolls of recharging
 v - 3 scrolls of identify
 y - 2 scrolls of blinking
Potions
 k - 4 potions of flight
 z - a potion of resistance
 A - 2 potions of might
 D - a potion of berserk rage
 J - 4 potions of curing
 K - a potion of heal wounds
Books
 P - a book of Maledictions (quivered)

   Spells                             Type                      Level
   a - Corona                         Hexes                        1
   b - Ensorcelled Hibernation        Hexes/Ice                    2
   c - Confuse                        Hexes                        3
   d - Tukima's Dance                 Hexes                        3
   e - Dazzling Spray                 Conjuration/Hexes            3
   Trog disapproves of the use of such an item.
Miscellaneous
 m - a phantom mirror
Comestibles
 c - 34 chunks of flesh
 q - 8 royal jellies


   Skills:
 + Level 10.3 Fighting
 + Level 13.6 Long Blades
 + Level 10.2 Armour
 + Level 6.4 Dodging
 + Level 12.0 Shields
 - Level 10.0 Evocations


You had 12 spell levels left.
You didn't know any spells.

Dungeon Overview and Level Annotations

Branches:
Dungeon (10/15)            Temple (1/1) D:5            Lair (4/6) D:10
  Swamp (0/4) Lair:3        Snake (0/4) Lair:2
    Orc: D:9-12

Altars:
Ashenzari
Cheibriados
Dithmenos
Elyvilon
Fedhas
Gozag
Hepliaklqana
Kikubaaqudgha
Makhleb
Nemelex Xobeh
Okawaru
Qazlal
Ru
Sif Muna
Trog
Uskayaw
Vehumet
Wu Jian
Xom
Yredelemnul
Zin
The Shining One

Shops:
D:5 *   D:6 (   D:10 (


Innate Abilities, Weirdness & Mutations

Shadows flee at your approach. (+LOS)
You can swim through water.
You cover ground slowly.
You can hop longer distances.
Your flesh is very cold resistant. (rC++)
You are resistant to hostile enchantments. (MR+)
You are robust. (+10% HP)
Your movements are slightly less encumbered by armour. (ER -2)


Message History

You block the death yak's attack.
You slice the death yak!! You burn the death yak!
The death yak is almost dead.
You hit the death yak. You burn the death yak.
The death yak is almost dead.
The death yak gores you.
* * * LOW HITPOINT WARNING * * *
You slice the death yak!! You burn the death yak.
You kill the death yak!
Trog accepts your kill. The death yak barely misses you.
You hit the death yak but do no damage. You slice the death yak!!
You burn the death yak.
The death yak is moderately wounded.
You hit the death yak. You burn the death yak.
The death yak is moderately wounded.
The death yak gores you!!
* * * LOW HITPOINT WARNING * * *
The death yak gores you!
You die...

,,,,,,,,,,.........,.............
,,,,,,,,,,.....,...,.............
,,,,,,,,,,.....##..##.#..#...####
,,,,,,,,,,,.......#..#..#...#####
,,,,,,,,,,,,...>.................
,,,,,,,,,,,,,,...................
*,,*****,,*,,**#.#.........$..##.
***,* *,,,**** ##Y............*##
***** **..## #@Y............*
⌠,*,***...P##**###............*##
,,,***PP...#PP##.#.............#.
<.⌠*,,...................$.......
..,*,,,...,,.....................
..#*,###.#,,###.#P....#.P........
...**#.#.########...#..##........
...###.....#.....................
..#.......#.#....................


You could see 2 death yaks.

Vanquished Creatures
  A naga warrior (Lair:2)
  2 hydras
  An anaconda (Lair:2)
  Erica (D:8)
  4 death yaks (Lair:4)
  Pikel (D:4)
  A moth of wrath (shapeshifter) (D:8)
  Maurice (D:8)
  A black mamba (Lair:1)
  4 elephants
  The ghost of Angani the Skirmisher, a novice BuWn of Gozag (D:5)
  6 spiny frogs
  3 komodo dragons
  A polar bear (shapeshifter) (D:8)
  A polar bear (Lair:2)
  2 trolls (D:10)
  4 blink frogs (Lair:4)
  5 hippogriffs
  A wraith (D:10)
  2 spriggans (Lair:3)
  A human (D:10)
  26 yaks
  4 hogs (D:10)
  A hungry ghost (D:8)
  The ghost of endorz the Cudgeler, an amateur GrGl (D:4)
  Duvessa (D:7)
  4 nagas (Lair:2)
  8 water moccasins
  7 porcupines
  A slave (D:4)
  2 black bears (D:10)
  Purgy (Sewer)
  2 orc warriors
  A sky beast (D:5)
  The ghost of Murumi the Sneak, an amateur NaEn (D:3)
  8 ogres
  5 centaurs
  10 wolves
  11 crocodiles
  3 big kobolds (D:8)
  12 bullfrogs
  Dowan (D:7)
  5 killer bees (D:10)
  8 wights (D:10)
  A centaur zombie (D:5)
  A howler monkey (D:6)
  4 crimson imps
  4 quasits
  2 bullfrog skeletons
  11 orc wizards
  Crazy Yiuf (D:4)
  A centaur skeleton (D:10)
  A gnoll shaman (D:10)
  3 hounds
  2 jellies
  6 orc priests
  An iguana (D:8)
  Jessica (D:2)
  Terence (D:2)
  9 worker ants
  A worker ant zombie (D:9)
  5 gnolls (D:10)
  A howler monkey skeleton (D:7)
  8 adders
  6 shadow imps
  2 adder zombies
  4 adder skeletons
  3 worms
  5 dart slugs
  8 leopard geckos
  40 orcs
  7 giant cockroaches
  14 goblins
  10 hobgoblins
  21 jackals
  3 quokkas
  2 ball pythons
  14 bats
  5 frilled lizards
  22 kobolds
  A leopard gecko skeleton (D:6)
  8 rats
406 creatures vanquished.

Vanquished Creatures (others)
  2 slaves (D:4)
  A worker ant (D:4)
  A worm (D:4)
  A leopard gecko (D:4)
  A jackal (D:4)
  A kobold (D:8)
  5 plants
12 creatures vanquished.

Grand Total: 418 creatures vanquished

Notes
Turn   | Place    | Note
-------+----------+-------------------------------------------
     0 | D:1      | Rrauwl the Barachi Berserker began the quest for the Orb.
     0 | D:1      | Reached XP level 1. HP: 18/18 MP: 1/1
   140 | D:1      | Reached XP level 2. HP: 21/25 MP: 2/2
   156 | D:1      | Reached skill level 4 in Long Blades
   399 | D:1      | Reached XP level 3. HP: 30/30 MP: 3/3
   468 | D:1      | Reached ** piety under Trog
   829 | D:2      | Found a blossoming altar of Fedhas.
   916 | D:2      | Noticed Jessica
   921 | D:2      | Killed Jessica
   921 | D:2      | Reached skill level 1 in Shields
   921 | D:2      | Reached XP level 4. HP: 38/38 MP: 4/4
   995 | D:2      | Noticed Terence
  1009 | D:2      | Killed Terence
  1315 | D:2      | Reached XP level 5. HP: 43/43 MP: 5/5
  1365 | D:2      | Found a glowing golden altar of the Shining One.
  1604 | D:2      | Found an opulent altar of Gozag.
  1995 | D:3      | Reached *** piety under Trog
  2031 | D:3      | Reached skill level 5 in Fighting
  2043 | D:3      | Noticed Murumi's ghost (amateur NaEn)
  2053 | D:3      | Found a snail-covered altar of Cheibriados.
  2094 | D:3      | Killed Murumi's ghost
  2094 | D:3      | Reached skill level 5 in Long Blades
  2094 | D:3      | Reached XP level 6. HP: 51/51 MP: 6/6
  2542 | D:3      | Found a sacrificial altar of Ru.
  2604 | D:4      | Found a shattered altar of Ashenzari.
  2630 | D:4      | Noticed Pikel
  2630 | D:4      | Noticed a slave
  2630 | D:4      | Noticed a slave
  2631 | D:4      | Noticed a slave
  2631 | D:4      | Noticed a slave
  2643 | D:4      | Killed a slave
  2648 | D:4      | Killed Pikel
  2648 | D:4      | Reached skill level 6 in Long Blades
  2648 | D:4      | Reached skill level 5 in Armour
  2648 | D:4      | Reached XP level 7. HP: 58/58 MP: 7/7
  2713 | D:4      | Reached XP level 8. HP: 65/65 MP: 8/8
  2717 | D:4      | Reached **** piety under Trog
  3001 | D:4      | Noticed endorz's ghost (amateur GrGl)
  3020 | D:4      | Killed endorz's ghost
  3501 | D:4      | Found a runed door.
  3518 | D:4      | Gained mutation: You have a pair of small horns on your head. [potion of mutation]
  3518 | D:4      | Gained mutation: You are agile. (Dex +2) [potion of mutation]
  3521 | D:4      | Noticed Crazy Yiuf
  3525 | D:4      | Killed Crazy Yiuf
  3578 | D:5      | Entered Level 5 of the Dungeon
  3596 | D:5      | Reached skill level 5 in Shields
  3660 | D:5      | Found a glowing drain.
  3692 | Sewer    | Entered a sewer
  3713 | Sewer    | Noticed Purgy
  3721 | Sewer    | Killed Purgy
  3721 | Sewer    | Reached skill level 7 in Long Blades
  3721 | Sewer    | Reached skill level 1 in Evocations
  3874 | D:5      | Found Tytomy's Assorted Antiques.
  3878 | D:5      | Gained mutation: You are occasionally teleported next to monsters. [mutagenic meat]
  3879 | D:5      | Gained mutation: You are dopey. (Int -2) [mutagenic meat]
  3892 | D:5      | Bought a scroll labeled NUTIEC ZEENI for 23 gold pieces
  3892 | D:5      | Bought a scroll of identify for 46 gold pieces
  3892 | D:5      | Bought a scroll of identify for 46 gold pieces
  3892 | D:5      | Bought a scroll of identify for 46 gold pieces
  3948 | D:5      | Found a staircase to the Ecumenical Temple.
  3970 | Temple   | Entered the Ecumenical Temple
  4047 | D:5      | Noticed Angani's ghost (novice BuWn)
  4060 | D:5      | Killed Angani's ghost
  4060 | D:5      | Reached XP level 9. HP: 73/73 MP: 9/11
  4284 | D:5      | Found a shadowy altar of Dithmenos.
  4460 | D:5      | You fall through a shaft for 2 floors!
  4689 | D:5      | Found a shadowy altar of Dithmenos.
  5299 | D:6      | Found Ixigoto's Weapon Shoppe.
  5493 | D:7      | Reached ***** piety under Trog
  5493 | D:7      | Reached skill level 8 in Long Blades
  5945 | D:7      | Noticed Dowan
  5949 | D:7      | Killed Dowan
  5953 | D:7      | Noticed Duvessa
  5964 | D:7      | Killed Duvessa
  6199 | D:8      | Found a shimmering altar of Xom.
  6200 | D:8      | Found a shimmering altar of Xom.
  6201 | D:8      | Found a shimmering altar of Xom.
  6202 | D:8      | Found a shimmering altar of Xom.
  6203 | D:8      | Found a shimmering altar of Xom.
  6203 | D:8      | Found a shimmering altar of Xom.
  6258 | D:8      | Reached XP level 10. HP: 78/82 MP: 13/13
  6366 | D:8      | Reached skill level 5 in Evocations
  6635 | D:8      | Noticed Erica
  6642 | D:8      | Killed Erica
  6720 | D:8      | Reached skill level 9 in Long Blades
  6851 | D:8      | Noticed an elephant
  6851 | D:8      | Noticed a swamp dragon
  6855 | D:8      | Noticed a moth of wrath
  6894 | D:8      | Noticed Maurice
  6899 | D:8      | Killed Maurice
  7064 | D:8      | Noticed a moth of wrath
  7086 | D:8      | Killed a moth of wrath
  7094 | D:8      | Gained mutation: Your movements are slightly less encumbered by armour. (ER -2) [mutagenic meat]
  7270 | D:9      | Reached skill level 5 in Dodging
  7424 | D:9      | Reached XP level 11. HP: 90/90 MP: 14/14
  7529 | D:9      | Reached skill level 10 in Fighting
  7584 | D:9      | Lost mutation: You are agile. (Dex +2) [potion of mutation]
  7584 | D:9      | Lost mutation: You have a pair of small horns on your head. [potion of mutation]
  7584 | D:9      | Lost mutation: You are occasionally teleported next to monsters. [potion of mutation]
  7584 | D:9      | Lost mutation: You are dopey. (Int -2) [potion of mutation]
  7584 | D:9      | Gained mutation: Your flesh is cold resistant. (rC+) [potion of mutation]
  7584 | D:9      | Gained mutation: You are robust. (+10% HP) [potion of mutation]
  7584 | D:9      | Gained mutation: Your flesh is very cold resistant. (rC++) [potion of mutation]
  7584 | D:9      | Gained mutation: You are resistant to hostile enchantments. (MR+) [potion of mutation]
  7819 | D:9      | Reached ****** piety under Trog
  8070 | D:10     | Entered Level 10 of the Dungeon
  8109 | D:10     | Received a gift from Trog
  8136 | D:10     | Found Byzosha Qant's Weapon Boutique.
  8184 | D:10     | Reached skill level 10 in Long Blades
  8265 | D:10     | Reached skill level 10 in Armour
  8410 | D:10     | Found a staircase to the Lair.
  8993 | D:10     | Got a jewelled falchion
  8994 | D:10     | Identified the +3 falchion of Makhleb's Benevolence {antimagic, *Corrode +Inv rF+ Dex+2} (You found it on level 10 of the Dungeon)
  9637 | Lair:1   | Entered Level 1 of the Lair of Beasts
  9643 | Lair:1   | Received a gift from Trog
  9960 | Lair:1   | Reached skill level 11 in Long Blades
 10247 | Lair:1   | Noticed a seven-headed hydra
 10255 | Lair:1   | Killed a three-headed hydra
 10413 | Lair:2   | Reached XP level 12. HP: 106/106 MP: 17/17
 10492 | Lair:2   | Found a snail-covered altar of Cheibriados.
 10585 | Lair:2   | Reached skill level 10 in Shields
 11197 | Lair:2   | Reached skill level 12 in Long Blades
 11250 | Lair:2   | Noticed an anaconda
 11262 | Lair:2   | Killed an anaconda
 11285 | Lair:2   | Found a staircase to the Snake Pit.
 11815 | Lair:2   | Noticed a naga warrior
 11828 | Lair:2   | Killed a naga warrior
 11998 | Lair:3   | Noticed a six-headed hydra
 12020 | Lair:3   | Killed a two-headed hydra
 12104 | Lair:3   | Got a fine whip
 12105 | Lair:3   | Identified the +4 whip "Iloarch" {protect, rF+ rC- Str+7} (You found it on level 3 of the Lair of Beasts)
 12230 | Lair:3   | Received a gift from Trog
 12243 | Lair:3   | Found a staircase to the Swamp.
 12411 | Lair:3   | Reached skill level 13 in Long Blades
 12782 | Lair:4   | Gained mutation: You can hop longer distances. [Barachi growth]
 12782 | Lair:4   | Reached XP level 13. HP: 84/113 MP: 20/20
 13107 | Lair:4   | Reached skill level 10 in Evocations
 13207 | Lair:4   | HP: 6/171 [death yak (18)]
 13207 | Lair:4   | Slain by a death yak

Vault maps used:
D:1:      saegor_arrival_miasma
D:2:      grunt_gozag_statues, fedhas_altar_3, nicolae_tso_swordbearing_angel,
          uniq_jessica, uniq_terence
D:3:      kennysheep_slug_shrine, nicolae_ru_path_of_blood
D:4:      minmay_wonky_spiral, cheibrodos_ashenzari_chains, uniq_pikel,
          uniq_crazy_yiuf_cottage
D:5:      kennysheep_mini_moat, temple_fountains, gup_sewer_entry_glass,
          serial_shops, shop, first_bread, basic_altar
D:6:      serial_shops, kennysheep_little_box
D:7:      hangedman_decor_growths, uniq_duvessa
D:8:      xom_shifter_show, uniq_erica, uniq_maurice
D:10:     david_lair_shrubbed, serial_column_ruins, column_ruins_grid_3,
          column_ruins_open_large, column_ruins_grid_2,
          column_ruins_corridor_dead_end, column_ruins_columns_straight,
          column_ruins_columns_straight, serial_shops, shop, grunt_livestock
Temple:   nicolae_temple_x_marks_the_god
Lair:2:   minmay_snake_entry_guardpost_medium, basic_altar,
          beast_lair_carwin_11, grunt_megastairs_4
Lair:3:   wad_woods_tower, swamp_mist
Lair:4:   grunt_megastairs_1
Sewer:    kennysheep_door_sewer

Skill      XL: |  1  2  3  4  5  6  7  8  9 10 11 12 13 |
---------------+----------------------------------------+-----
Long Blades    | 4 5 6 7 8 9 11 13 | 13.6
Fighting       | 4 5 6 7 8 9 10 | 10.3
Armour         | 3 4 5 7 8 9 10 | 10.2
Shields        | 1 2 4 5 6 8 9 11 12 | 12.0
Evocations     | 2 4 5 7 9 10 | 10.0
Dodging        | 3 5 6 |  6.4

Action                   |  1- 3 |  4- 6 |  7- 9 | 10-12 | 13-15 || total
-------------------------+-------+-------+-------+-------+-------++-------
Melee: Falchion          |   101 |   222 |   407 |    53 |       ||   783
       Headbutt          |       |       |    93 |    37 |       ||   130
       Scimitar          |       |       |       |   658 |    97 ||   755
Invok: Berserk           |     2 |     4 |     8 |    17 |     2 ||    33
       Burn Spellbooks   |       |       |       |     4 |       ||     4
 Abil: Hop               |       |       |     2 |     2 |       ||     4
Evoke: Wand              |       |       |     1 |     2 |       ||     3
  Use: Scroll            |       |     6 |    11 |    11 |     2 ||    30
       Potion            |       |       |     8 |     2 |       ||    10
 Stab: Paralysed         |       |       |     8 |       |       ||     8
  Eat: Chunk             |     2 |     6 |    20 |    19 |       ||    47
       Meat ration       |       |     1 |     1 |     4 |       ||     6
       Bread ration      |       |       |       |     1 |       ||     1
       Royal jelly       |       |       |       |     1 |       ||     1
Armor: Chain mail        |    55 |   107 |   134 |   211 |    12 ||   519
Dodge: Dodged            |    39 |    94 |   107 |   239 |    13 ||   492
Block: Buckler           |    16 |    85 |   198 |   322 |    25 ||   646
       Reflection        |       |       |    10 |     7 |       ||    17
       Rpst.: Falchion   |    13 |    34 |    28 |     1 |       ||    76
       Scimitar          |       |       |       |    59 |     3 ||    62
